 Dungeon Crawl Stone Soup version 0.17.1-2-g5865329 (webtiles) character file.

6441 Fuzzybunny the Ruffian (level 10, -17/99 HPs)
             Began as a Yellow Draconian Transmuter on Jan 16, 2016.
             Demolished by Duffy's ghost (40 damage)
             ... on level 1 of the Lair of Beasts.
             The game lasted 00:41:29 (10201 turns).

Fuzzybunny the Ruffian (DrTm)                      Turns: 10201, Time: 00:41:29

Health: -17/99     AC:  6    Str: 13    XL:     10   Next: 67%
Magic:  24/26      EV: 13    Int: 17    God:
Gold:   243        SH:  0    Dex: 11    Spells: 3 memorised, 13 levels left

rFire  x . .     SeeInvis .       - Unarmed
rCold  + + +     Clarity  .     (armour unavailable)
rNeg   . . .     SustAt   .     (shield currently unavailable)
rPois  +         Gourm    .     (helmet currently unavailable)
rElec  .         Spirit   .     (cloak currently unavailable)
rCorr  .         Warding  .     (gloves currently unavailable)
rMut   .         Stasis   .     (boots currently unavailable)
MR     .....                    (no amulet)
Stlth  ++........               O - ring of poison resistance
                                o - ring of magical power

@: ice-form, not resistant to hostile enchantments, unstealthy
A: (spit acid), (acid resistance), unfitting armour, (talons 0), low mp 1,
regeneration 1, (cold-blooded), AC +7
a: End Transformation


You were on level 1 of the Lair of Beasts.
You were not hungry.
You were a creature of crystalline ice.
You visited 2 branches of the dungeon, and saw 10 of its levels.

You collected 470 gold pieces.
You spent 227 gold pieces at shops.

Inventory:

Missiles
 a - 209 arrows
 r - 14 arrows of flame
Armour
 A - a cursed +0 cloak
 C - a +0 pair of boots
Jewellery
 n - an uncursed amulet of resist mutation
 o - a ring of magical power (left front paw)
 D - an uncursed amulet of rage
 I - an uncursed ring of sustain attributes
 O - a ring of poison resistance (right front paw)
Wands
 h - a wand of polymorph (13)
 i - a wand of enslavement (9)
 j - a wand of confusion (36)
 m - a wand of slowing (19)
 s - a wand of random effects (26)
 t - a wand of random effects (19)
 x - a wand of random effects (36)
 B - a wand of frost (20)
Scrolls
 e - 2 scrolls of random uselessness
 f - 4 scrolls of magic mapping
 g - 5 scrolls of teleportation
 k - 2 scrolls of remove curse
 l - 3 scrolls of noise {unknown}
 p - a scroll of holy word {unknown}
 q - 5 scrolls of identify
 v - a scroll of enchant armour
 w - a scroll of fear {unknown}
 y - 4 scrolls of amnesia
 E - a scroll of recharging {unknown}
 G - a scroll of blinking {unknown}
 N - a scroll of enchant weapon {unknown}
Potions
 z - a potion of berserk rage {unknown}
 F - 2 potions of flight {unknown}
 J - a potion of agility {unknown}
Books
 b - a book of Changes

   Spells                             Type                      Level
   a - Beastly Appendage              Transmutation                1
   b - Sticks to Snakes               Transmutation                2
   c - Spider Form                    Transmutation/Poison         3
   d - Ice Form                       Ice/Transmutation            4
   e - Blade Hands                    Transmutation                5
 L - a book of Maledictions

   Spells                             Type                      Level
   a - Corona                         Hexes                        1
   b - Ensorcelled Hibernation        Hexes/Ice                    2
   c - Confuse                        Hexes                        3
   d - Tukima's Dance                 Hexes                        3
   e - Dazzling Spray                 Conjuration/Hexes            3
Comestibles
 c - 8 bread rations
 d - 6 meat rations
 K - a slice of pizza
 M - 2 chunks of flesh


   Skills:
 + Level 5.7 Fighting
 + Level 7.4 Dodging
 + Level 2.3 Stealth
 + Level 7.4 Unarmed Combat
 + Level 6.2 Spellcasting
 + Level 6.1 Transmutations
 * Level 6.4 Ice Magic
 - Level 1.9 Poison Magic


You had 13 spell levels left.
You knew the following spells:

 Your Spells              Type           Power        Failure   Level  Hunger
a - Beastly Appendage     Trmt           ####..       1%          1    None
b - Spider Form           Trmt/Pois      ###.......   10%         3    ##.....
c - Ice Form              Ice/Trmt       ####....     12%         4    ####...


Dungeon Overview and Level Annotations

Branches:
Dungeon (9/15)             Temple (0/1) D:7            Lair (1/8) D:9
    Orc: D:9-12

Altars:
Ashenzari
Cheibriados
Dithmenos
Gozag
Makhleb
Qazlal
Vehumet
Xom
Yredelemnul

Shops:
D:5 =   D:7 ?}*[(   D:9 *

Annotations:
Lair:1 Duffy's ghost, journeyman OgBe


Innate Abilities, Weirdness & Mutations

((You can spit globs of acid.))
((You are resistant to acid.))
((Your golden yellow scales are hard (AC +7).))
Your body does not fit into most forms of armour.
((You are cold-blooded and may be slowed by cold attacks.))
((You have sharp toenails.))
Your magical capacity is low (-10% MP).
Your natural rate of healing is unusually fast.


Message History

Duffy's ghost turns its malevolent gaze towards you.
Casting: Ice Form
Confirm with . or Enter, or press ? or * to list all spells.
You turn into a creature of crystalline ice.
Duffy's ghost hits you!!
You see here a potion of curing.
You miss Duffy's ghost. Duffy's ghost misses you.
You barely miss Duffy's ghost. Duffy's ghost barely misses you.
You miss Duffy's ghost. Duffy's ghost hits you!!
You barely miss Duffy's ghost. Duffy's ghost hits you!
* * * LOW HITPOINT WARNING * * *
You hit Duffy's ghost but do no damage. Duffy's ghost hits you!!
* * * LOW HITPOINT WARNING * * *
You hit Duffy's ghost.
Duffy's ghost is lightly damaged.
Duffy's ghost completely misses you.
You feel much better. Duffy's ghost completely misses you.
Duffy's ghost is nearby!
You feel better. Duffy's ghost hits you!!!
You die...

#.##.....##....# #.#
...# #.+......##....#
#.# ..#
#.##.....#.....#
##..####....#
#.###'#####....#
#..............## .
#..............P##'P'
#....................
#............YW......
#....................
#....................
#....##'######........
#...# #'# #.#######
#.. .. #.. #.. #.#.
'....


You could see Duffy's ghost.

Vanquished Creatures
  A hydra (Lair:1)
  A two-headed ogre (D:8)
  A fire drake (Lair:1)
  A trapdoor spider zombie (D:8)
  Sigmund (D:3)
  A spriggan (D:7)
  A hungry ghost (D:7)
  Edmund (D:4)
  3 water moccasins (Lair:1)
  Duvessa (D:5)
  The ghost of Aviak the Sneak, an amateur SpEn (D:3)
  2 ice beasts
  An orc warrior (D:8)
  3 sky beasts
  3 ogres
  3 centaurs
  A black bear (D:8)
  2 necrophages
  A phantom (D:9)
  4 giant frogs
  11 big kobolds (D:8)
  Dowan (D:5)
  7 scorpions
  2 crimson imps
  A jelly (D:9)
  4 orc priests
  A centaur skeleton (D:5)
  6 hounds
  A giant frog skeleton (D:6)
  5 orc wizards
  6 worker ants
  6 iguanas
  A killer bee zombie (D:7)
  A hound skeleton (D:6)
  5 gnolls
  14 adders
  5 river rats (Lair:1)
  3 shadow imps
  2 adder skeletons (D:5)
  2 worms
  10 giant geckos
  21 orcs
  5 giant cockroaches
  9 goblins
  5 hobgoblins
  6 jackals
  A ball python (D:3)
  5 bats
  A giant gecko skeleton (D:7)
  4 giant newts
  30 kobolds
  9 quokkas
  3 quokka skeletons
  A quokka zombie (D:7)
  5 rats
  A bush (D:2)
233 creatures vanquished.

Notes
Turn   | Place    | Note
--------------------------------------------------------------
     0 | D:1      | Fuzzybunny the Draconian Transmuter began the quest for the Orb.
     0 | D:1      | Reached XP level 1. HP: 16/16 MP: 3/3
   570 | D:1      | Reached XP level 2. HP: 5/23 MP: 3/5
  1085 | D:2      | Found a faded altar to an unknown god.
  1094 | D:2      | Reached XP level 3. HP: 24/28 MP: 4/6
  1280 | D:2      | Learned a level 3 spell: Spider Form
  1453 | D:3      | Found a shattered altar of Ashenzari.
  1456 | D:3      | Found a stormy altar of Qazlal.
  1483 | D:3      | Noticed a giant frog
  1503 | D:3      | Killed a giant frog
  1503 | D:3      | Reached XP level 4. HP: 16/36 MP: 3/8
  1694 | D:3      | Noticed Aviak's ghost (amateur SpEn)
  1748 | D:4      | Noticed an ogre
  1760 | D:4      | Killed an ogre
  1760 | D:4      | Reached XP level 5. HP: 41/41 MP: 5/9
  1787 | D:4      | Learned a level 4 spell: Ice Form
  1912 | D:4      | Reached skill level 1 in Poison Magic
  1912 | D:4      | Reached XP level 6. HP: 39/48 MP: 7/10
  2050 | D:4      | Reached skill level 4 in Unarmed Combat
  2477 | D:4      | Noticed Edmund
  2493 | D:4      | Killed Edmund
  2899 | D:4      | Your scales start taking on a golden yellow colour.
  2899 | D:4      | Reached XP level 7. HP: 43/56 MP: 9/12
  3272 | D:5      | Entered Level 5 of the Dungeon
  3513 | D:5      | Noticed Duvessa
  3515 | D:5      | Noticed Dowan
  3525 | D:5      | Killed Duvessa
  3525 | D:5      | Reached skill level 1 in Ice Magic
  3543 | D:5      | Killed Dowan
  3543 | D:5      | Reached skill level 1 in Stealth
  3640 | D:5      | Found Ytiwyu Tuse's Jewellery Boutique.
  3867 | D:5      | Reached XP level 8. HP: 50/63 MP: 14/14
  4392 | D:5      | Found a snail-covered altar of Cheibriados.
  4639 | D:3      | Noticed a scorpion
  4648 | D:3      | Killed a scorpion
  4738 | D:3      | Killed Aviak's ghost
  4738 | D:3      | Reached skill level 5 in Unarmed Combat
  5225 | D:3      | Noticed Sigmund
  5238 | D:3      | Killed Sigmund
  5238 | D:3      | Reached skill level 5 in Dodging
  6725 | D:6      | Found a shimmering altar of Xom.
  6798 | D:6      | Reached skill level 5 in Transmutations
  6804 | D:6      | Reached XP level 9. HP: 71/71 MP: 16/16
  7374 | D:7      | Found Gul Vuk's General Store.
  7380 | D:7      | Bought a potion of curing for 39 gold pieces
  7408 | D:7      | Found Liamefun's Magic Scroll Emporium.
  7416 | D:7      | Reached skill level 5 in Spellcasting
  7420 | D:7      | Gained mutation: Your natural rate of healing is unusually fast. [mutagenic meat]
  7452 | D:7      | Bought a scroll of identify for 26 gold pieces
  7452 | D:7      | Bought a scroll of identify for 26 gold pieces
  7452 | D:7      | Bought a scroll of teleportation for 39 gold pieces
  7493 | D:7      | Gained mutation: You have sharp toenails. [mutagenic meat]
  7589 | D:7      | Found a staircase to the Ecumenical Temple.
  7648 | D:7      | Found Waaph's Antique Armour Emporium.
  7663 | D:7      | Found an opulent altar of Gozag.
  7663 | D:7      | Found a basalt altar of Yredelemnul.
  8054 | D:7      | Reached skill level 6 in Unarmed Combat
  8150 | D:7      | Found Archisot's Weapon Shoppe.
  8205 | D:7      | Found Uculeoh's Gadget Emporium.
  8226 | D:7      | Gained mutation: Your magical capacity is low (-10% MP). [potion of mutation]
  8226 | D:7      | Gained mutation: You are occasionally teleported next to monsters. [potion of mutation]
  8226 | D:7      | Lost mutation: You are occasionally teleported next to monsters. [potion of mutation]
  8403 | D:8      | Found a shadowy altar of Dithmenos.
  8455 | D:8      | Reached skill level 5 in Ice Magic
  8604 | D:8      | Found a radiant altar of Vehumet.
  8758 | D:8      | Reached skill level 5 in Fighting
  8928 | D:8      | Reached XP level 10. HP: 80/80 MP: 16/16
  9051 | D:8      | Reached skill level 7 in Unarmed Combat
  9219 | D:9      | Found a burning altar of Makhleb.
  9508 | D:9      | Found Zapsal's General Store.
  9524 | D:9      | Bought a bread ration for 75 gold pieces
  9524 | D:9      | Bought a slice of pizza for 22 gold pieces
  9804 | D:9      | Found a staircase to the Lair.
  9810 | Lair:1   | Entered Level 1 of the Lair of Beasts
  9900 | Lair:1   | Noticed a four-headed hydra
  9907 | Lair:1   | Killed a four-headed hydra
 10190 | Lair:1   | Noticed Duffy's ghost (journeyman OgBe)
 10198 | Lair:1   | HP: 1/98 [Duffy's ghost (25)]
 10201 | Lair:1   | Demolished by Duffy's ghost

Action                   |  1- 3 |  4- 6 |  7- 9 | 10-12 || total
-------------------------+-------+-------+-------+-------++-------
Melee: Unarmed           |   121 |   100 |   606 |   148 ||   975
 Cast: Beastly Appendage |    15 |       |       |       ||    15
       Spider Form       |     1 |    10 |    27 |       ||    38
       Ice Form          |       |       |    28 |    14 ||    42
 Abil: Spit Acid         |       |       |     1 |       ||     1
Evoke: Wand              |       |       |     1 |       ||     1
  Use: Scroll            |       |       |    11 |     3 ||    14
       Potion            |       |       |     8 |     2 ||    10
 Stab: Sleeping          |       |       |     2 |     3 ||     5
  Eat: Chunk             |     3 |     6 |    26 |     6 ||    41
       Bread ration      |       |       |     1 |       ||     1
       Royal jelly       |       |       |     1 |       ||     1
       Beef jerky        |       |       |       |     1 ||     1
